 Dungeon Crawl Stone Soup version 0.25.0-41-g26779e291d (webtiles) character file.

Game seed: 13203865872139109801

116 Ethylacetat the Stinger (level 5, -2/31 HPs)
             Began as an Octopode Venom Mage on July 10, 2020.
             Killed from afar by an orc wizard (10 damage)
             ... with a magic dart
             ... on level 3 of the Dungeon.
             The game lasted 00:06:33 (3071 turns).

Ethylacetat the Stinger (Octopode Venom Mage)       Turns: 3071, Time: 00:06:34

Health: -2/31      AC:  1    Str:  7    XL:     5   Next: 1%
Magic:  1/9        EV: 13    Int: 19    God:
Gold:   62         SH:  0    Dex: 12    Spells: 8/9 levels left

rFire    . . .     SeeInvis .   (no weapon)
rCold    . . .     Gourm    .   (no shield)
rNeg     . . .     Faith    .   (helmet restricted)
rPois    .         Spirit   .   (no amulet)
rElec    .         Reflect  .   m - ring of resist corrosion
rCorr    +         Harm     .   (no ring)
MR       .....                  (no ring)
Stlth    +++.......             (no ring)
HPRegen  0.10/turn              (no ring)
MPRegen  0.11/turn              (no ring)
                                (no ring)
                                (no ring)

@: no status effects
A: almost no armour, stealthy swim, amphibious, 8 rings, constrict 8, camouflage
1, gelatinous body 1
a: no special abilities


You were on level 3 of the Dungeon.
You were not hungry.

You visited 1 branch of the dungeon, and saw 3 of its levels.

You collected 62 gold pieces.

Inventory:

Missiles
 j - a throwing net (quivered)
Jewellery
 m - a ring of resist corrosion (left tentacle)
Scrolls
 a - a scroll of fear {unknown}
 c - 4 scrolls of identify {unknown}
 d - a scroll of amnesia {unknown}
 f - a scroll of enchant armour {unknown}
 h - a scroll of immolation {unknown}
 k - a scroll of remove curse {unknown}
Potions
 e - a potion of might {unknown}
 g - a potion of curing {unknown}
 i - a potion of invisibility {unknown}
 l - a potion of heal wounds {unknown}
Comestibles
 b - 3 rations


   Skills:
 - Level 2.0 Dodging
 - Level 2.6 Stealth
 + Level 2.6 Spellcasting
 * Level 2.9 Transmutations
 * Level 5.1 Poison Magic


You had 8 spell levels left.
You knew the following spells:

 Your Spells              Type           Power        Failure   Level  Hunger
a - Sting                 Tmut/Pois      ###.         3%          1    None

Your spell library contained the following spells:

 Spells                   Type           Power        Failure   Level  Hunger
 Poisonous Vapours        Pois/Air       ##....       9%          2    ##.....
 Ignite Poison            Fire/Tmut/Pois ##......     16%         3    ###....
 Olgreb's Toxic Radiance  Pois           ###.....     19%         4    ####...
 Mephitic Cloud           Conj/Pois/Air  #.......     24%         3    ###....


Dungeon Overview and Level Annotations

Branches:
Dungeon (3/15)

Altars:
Ashenzari
Elyvilon
Makhleb


Innate Abilities, Weirdness & Mutations

You cannot wear most types of armour.
You are very stealthy in the water. (Stealth+)
You are amphibious.
You can wear up to eight rings at the same time.
You can use your tentacles to constrict eight enemies at once.
Your skin changes colour to match your surroundings (Stealth+).
Your rubbery body absorbs attacks. (AC +1, EV +1)


Message History

Confirm with . or Enter, or press ? or * to list all spells.
You can't see any susceptible monsters within range! (Use Z to cast anyway.)
Casting: Sting (safe; 3% risk of failure)
Confirm with . or Enter, or press ? or * to list all spells.
You don't know that spell.
Casting: Sting (safe; 3% risk of failure)
Confirm with . or Enter, or press ? or * to list all spells.
Aiming: Sting (safe; 3% risk of failure)
Press: ? - help, Shift-Dir - straight line You hear some strange, mumbled words.
Something tries to affect you, but you resist.
You barely miss something. Your squeeze misses something.
You hear some strange, mumbled words.
A puff of flame appears from out of thin air!
The puff of flame hits you!
You closely miss something. Something hits you.
* * * LOW HITPOINT WARNING * * *
A magic dart appears from out of thin air!
The magic dart hits you!
You die...

......#.#
#######.####
#.......#
####.##.##.#
#####.>..)..##.#
#.....##.#.....######
#..)..##.#..(#.......
#.....{..#...#.......
#...@.##........)....
#.<...##.#..##.######
#####>.........#
####.......#
####.#### #.#
########.# #........#
#.######## #


There were no monsters in sight!

Vanquished Creatures
  3 gnolls (D:3)
  4 adders
  2 worms (D:2)
  A leopard gecko (D:1)
  2 orcs (D:3)
  4 giant cockroaches
  2 hobgoblins
  4 jackals
  5 kobolds
  8 bats
  A frilled lizard (D:3)
  3 goblins (D:1)
  5 rats (D:1)
44 creatures vanquished.

Notes
Turn   | Place    | Note
-------+----------+-------------------------------------------
     0 | D:1      | Ethylacetat the Octopode Venom Mage began the quest for the
                  | Orb.
     0 | D:1      | Reached XP level 1. HP: 11/11 MP: 3/3
   249 | D:1      | Reached XP level 2. HP: 17/17 MP: 0/5
   315 | D:1      | Reached skill level 4 in Poison Magic
   403 | D:1      | You fall into a shaft and drop 1 floor!
   717 | D:1      | Reached XP level 3. HP: 21/21 MP: 3/6
  1006 | D:1      | Found a shattered altar of Ashenzari.
  1309 | D:1      | You fall into a shaft and drop 1 floor!
  1863 | D:2      | Found a burning altar of Makhleb.
  1863 | D:2      | Noticed a blizzard demon
  2235 | D:2      | Reached XP level 4. HP: 27/27 MP: 0/7
  2406 | D:3      | Noticed a phantom
  2706 | D:3      | Found a white marble altar of Elyvilon.
  2892 | D:3      | Reached skill level 5 in Poison Magic
  3044 | D:3      | Reached XP level 5. HP: 31/31 MP: 6/9
  3071 | D:3      | Killed from afar by an orc wizard

Illustrated notes

Levels and vault maps discovered:
D:1:      dpeg_arrival_erosion, layout_loops_cross, nrook_loot_triangle,
          minmay_misc_feat_tower, ashenzari_altar_1
D:2:      layout_basic, makhleb_altar_promises_db, first_ration
D:3:      layout_loops_cross, gammafunk_ghost_nasty_kobolds, elyvilon_altar_3

Skill      XL: |  1  2  3  4 |
---------------+-------------+-----
Poison Magic   | 4 5 |  5.1
Transmutations | 2 |  2.9
Dodging        | |  2.0
Stealth        | |  2.6
Spellcasting   | |  2.6

Action                   |  1- 3 |  4- 6 || total
-------------------------+-------+-------++-------
Melee: Unarmed           |     9 |    11 ||    20
       Constrict         |     5 |       ||     5
       Tentacles         |       |     1 ||     1
 Cast: Sting             |    70 |    38 ||   108
  Eat: Chunk             |     5 |     2 ||     7
Armor: Skin              |     9 |     2 ||    11
Dodge: Dodged            |    31 |    12 ||    43
